[ PARTIDA AOE2 · #513602006 ]
UnrankedCeltas vs Franks
Equipo del jugador · VICT
Equipo rival · DERR
[ ANÁLISIS DE REPETICIÓN · EXTRAÍDO DE LA PARTIDA GRABADA ]
Feudal
12:03
Castillos
24:06
Imperial
—
| APM promedio | 23.1 |
| APM pico | 74 |
| eAPM promedio | 11.4 |
| Aldeanos / militares | 30 / 37 |
Foco
⚔️ 34.1% · 🌾 65.9%
Militia ×33 · Spearman ×2 · Battering Ram ×2
Feudal
10:22
Castillos
—
Imperial
—
| APM promedio | 52.5 |
| APM pico | 116 |
| eAPM promedio | 18.7 |
| Aldeanos / militares | 57 / 30 |
Foco
⚔️ 23.3% · 🌾 76.7%
Archer ×9 · Scout Cavalry ×9 · Spearman ×5 · Skirmisher ×5 · Militia ×2
Mapa de la partida
Recursos iniciales + cada clic de construcción. Líneas = muros · curvas = relieve. ◆ oro · ⬟ piedra · ● bayas · ✦ reliquia · ◌ hueco del cierre
Tu base· Abierta — flanco sin cerrar
Base de YakimarashiBR· Abierta — flanco sin cerrar
Terreno inicial suavizado · ◌ = hueco del cierre detectado · pasá el cursor para detalles
Inputs por minuto
— albaevaarina0 - - YakimarashiBR
Build order — albaevaarina0
116 acciones detectadas en el replay
| 0:03 | Construir | House |
| 0:05 | Construir | House |
| 0:05 | queue | Villager (Male) |
| 0:06 | queue | Villager (Male) |
| 0:06 | queue | Villager (Male) |
| 0:06 | queue | Villager (Male) |
| 1:27 | queue | Villager (Male) |
| 1:54 | queue | Villager (Male) |
| 2:26 | queue | Villager (Male) |
| 2:30 | Construir | House |
| 2:51 | queue | Villager (Male) |
| 3:26 | Construir | Barracks |
| 3:33 | queue | Villager (Male) |
| 3:52 | Construir | House |
| 4:12 | queue | Villager (Male) |
| 4:13 | queue | Villager (Male) |
| 4:26 | queue | Militia |
| 4:59 | queue | Militia |
| 5:07 | queue | Militia |
| 5:09 | Construir | House |
| 5:30 | queue | Villager (Male) |
| 5:30 | queue | Villager (Male) |
| 5:37 | Construir | Lumber Camp |
| 6:35 | queue | Villager (Male) |
| 6:36 | queue | Villager (Male) |
| 7:07 | queue | Militia |
| 7:50 | Construir | Mill |
| 8:04 | queue | Villager (Male) |
| 8:12 | queue | Militia |
| 8:26 | Construir | Mining Camp |
| 9:17 | Construir | House |
| 9:28 | Investigar | Loom |
| 9:53 | Investigar | Feudal Age |
| 10:29 | queue | Militia |
| 10:40 | queue | Militia |
| 11:12 | queue | Villager (Male) |
| 11:13 | queue | Villager (Male) |
| 11:17 | Construir | House |
| 11:46 | queue | Militia |
| 11:46 | queue | Militia |
| 12:03 | Edad | Edad Feudal |
| 12:15 | Investigar | Man-at-Arms (upgrade) |
| 12:40 | queue | Villager (Male) |
| 12:40 | queue | Villager (Male) |
| 12:53 | Construir | Blacksmith |
| 12:58 | Construir | Market |
| 13:03 | queue | Militia |
| 13:29 | queue | Militia |
| 13:29 | queue | Militia |
| 15:45 | queue | Militia |
| 15:46 | queue | Militia |
| 16:28 | Construir | Farm |
| 16:29 | Construir | Farm |
| 16:31 | Construir | Farm |
| 16:33 | Construir | Farm |
| 16:35 | Construir | Farm |
| 16:37 | Construir | Farm |
| 16:39 | Construir | Farm |
| 16:40 | Construir | Farm |
| 16:43 | Construir | Farm |
| 16:45 | Construir | Farm |
| 16:53 | Construir | Barracks |
| 17:30 | queue | Villager (Male) |
| 18:26 | queue | Villager (Male) |
| 18:26 | queue | Villager (Male) |
| 18:36 | queue | Spearman |
| 18:39 | queue | Spearman |
| 18:42 | queue | Villager (Male) |
| 18:45 | Construir | Farm |
| 18:47 | Construir | Farm |
| 18:48 | Construir | Farm |
| 20:07 | queue | Villager (Male) |
| 20:07 | queue | Villager (Male) |
| 20:08 | queue | Villager (Male) |
| 20:14 | Construir | Farm |
| 20:16 | Construir | Farm |
| 20:17 | Construir | Farm |
| 20:55 | Construir | Farm |
| 21:26 | Investigar | Castle Age |
| 21:36 | queue | Militia |
| 21:51 | Investigar | Double-Bit Axe |
| 22:10 | Investigar | Horse Collar |
| 22:36 | queue | Militia |
| 22:36 | queue | Militia |
| 22:38 | queue | Militia |
| 22:46 | Construir | House |
| 22:47 | Construir | House |
| 22:48 | Construir | House |
| 22:53 | Construir | Lumber Camp |
| 23:07 | queue | Militia |
| 23:08 | queue | Militia |
| 23:47 | queue | Militia |
| 23:47 | queue | Militia |
| 23:47 | queue | Militia |
| 23:53 | Construir | House |
| 24:06 | Edad | Edad de los Castillos |
| 24:10 | Investigar | Long Swordsman (upgrade) |
| 24:17 | Construir | Siege Workshop |
| 24:21 | queue | Villager (Male) |
| 24:21 | queue | Villager (Male) |
| 24:28 | queue | Militia |
| 24:29 | queue | Militia |
| 24:41 | Construir | House |
| 24:48 | queue | Villager (Male) |
| 24:56 | queue | Militia |
| 25:32 | Investigar | Arson |
| 25:58 | queue | Militia |
| 25:58 | queue | Militia |
| 25:58 | queue | Militia |
| 25:59 | queue | Militia |
| 26:14 | queue | Battering Ram |
| 26:46 | Investigar | Scale Mail Armor |
| 26:47 | queue | Battering Ram |
| 27:13 | queue | Militia |
| 27:13 | queue | Militia |
| 27:14 | queue | Militia |
Build order — YakimarashiBR
134 acciones detectadas en el replay
| 0:01 | queue | Villager (Male) |
| 0:01 | queue | Villager (Male) |
| 0:02 | Construir | House |
| 0:04 | Construir | House |
| 0:22 | queue | Villager (Male) |
| 0:22 | queue | Villager (Male) |
| 0:23 | queue | Villager (Male) |
| 1:35 | queue | Villager (Male) |
| 1:35 | queue | Villager (Male) |
| 1:35 | queue | Villager (Male) |
| 1:46 | Construir | Lumber Camp |
| 1:51 | queue | Villager (Male) |
| 1:51 | queue | Villager (Male) |
| 2:29 | queue | Villager (Male) |
| 2:29 | queue | Villager (Male) |
| 2:29 | queue | Villager (Male) |
| 3:03 | queue | Villager (Male) |
| 3:04 | queue | Villager (Male) |
| 3:04 | queue | Villager (Male) |
| 4:14 | queue | Villager (Male) |
| 4:14 | queue | Villager (Male) |
| 4:15 | queue | Villager (Male) |
| 4:43 | Construir | House |
| 4:54 | queue | Villager (Male) |
| 4:54 | queue | Villager (Male) |
| 4:54 | queue | Villager (Male) |
| 4:55 | queue | Villager (Male) |
| 5:17 | Construir | Mill |
| 5:28 | queue | Villager (Male) |
| 5:28 | queue | Villager (Male) |
| 5:55 | queue | Villager (Male) |
| 5:55 | queue | Villager (Male) |
| 5:56 | queue | Villager (Male) |
| 5:56 | queue | Villager (Male) |
| 7:11 | queue | Villager (Male) |
| 7:19 | Investigar | Loom |
| 8:12 | Investigar | Feudal Age |
| 8:27 | Construir | House |
| 9:08 | Construir | Barracks |
| 9:24 | Construir | Farm |
| 9:43 | Construir | Farm |
| 9:47 | Construir | Farm |
| 9:59 | Construir | Farm |
| 10:22 | Edad | Edad Feudal |
| 10:58 | queue | Militia |
| 10:58 | queue | Militia |
| 11:09 | Construir | Stable |
| 11:22 | Construir | Farm |
| 11:36 | Construir | Farm |
| 12:26 | queue | Scout Cavalry |
| 12:26 | queue | Scout Cavalry |
| 12:27 | queue | Scout Cavalry |
| 12:40 | Construir | Palisade Wall |
| 13:25 | queue | Spearman |
| 13:27 | queue | Scout Cavalry |
| 13:28 | queue | Scout Cavalry |
| 13:36 | Construir | House |
| 13:38 | Construir | House |
| 13:43 | Construir | Palisade Wall |
| 14:19 | Construir | House |
| 14:26 | queue | Scout Cavalry |
| 14:26 | queue | Scout Cavalry |
| 14:27 | queue | Spearman |
| 14:28 | queue | Spearman |
| 16:35 | queue | Villager (Male) |
| 16:35 | queue | Villager (Male) |
| 16:35 | queue | Villager (Male) |
| 16:35 | queue | Villager (Male) |
| 16:35 | queue | Villager (Male) |
| 16:42 | Construir | House |
| 16:44 | Construir | House |
| 16:46 | Construir | Palisade Wall |
| 16:54 | queue | Villager (Male) |
| 16:54 | queue | Villager (Male) |
| 18:02 | queue | Villager (Male) |
| 18:25 | Construir | Palisade Wall |
| 18:30 | Construir | Palisade Wall |
| 18:51 | queue | Villager (Male) |
| 18:52 | queue | Villager (Male) |
| 19:00 | Construir | Lumber Camp |
| 19:24 | queue | Spearman |
| 19:24 | queue | Spearman |
| 19:25 | queue | Scout Cavalry |
| 19:25 | queue | Scout Cavalry |
| 19:58 | queue | Villager (Male) |
| 19:59 | queue | Villager (Male) |
| 20:22 | Construir | Palisade Wall |
| 20:35 | Investigar | Double-Bit Axe |
| 21:05 | Construir | Mining Camp |
| 21:14 | queue | Villager (Male) |
| 21:14 | queue | Villager (Male) |
| 21:14 | queue | Villager (Male) |
| 22:01 | Construir | Archery Range |
| 22:08 | queue | Villager (Male) |
| 22:08 | queue | Villager (Male) |
| 22:08 | queue | Villager (Male) |
| 22:28 | Construir | Farm |
| 22:49 | Construir | House |
| 22:50 | Construir | House |
| 22:53 | Construir | Palisade Wall |
| 23:40 | queue | Villager (Male) |
| 23:41 | queue | Villager (Male) |
| 23:41 | queue | Villager (Male) |
| 23:42 | queue | Villager (Male) |
| 24:02 | queue | Skirmisher |
| 24:02 | queue | Skirmisher |
| 24:03 | queue | Archer |
| 24:03 | queue | Archer |
| 24:12 | queue | Villager (Male) |
| 24:24 | Construir | House |
| 24:25 | Construir | House |
| 24:26 | Construir | Palisade Wall |
| 24:29 | Construir | Palisade Wall |
| 24:39 | queue | Villager (Male) |
| 24:39 | queue | Villager (Male) |
| 24:44 | Construir | Palisade Wall |
| 24:45 | Construir | House |
| 24:58 | Construir | Farm |
| 25:45 | queue | Archer |
| 25:45 | queue | Archer |
| 25:45 | queue | Archer |
| 26:03 | queue | Villager (Male) |
| 26:04 | queue | Villager (Male) |
| 26:08 | Construir | Farm |
| 26:11 | Construir | Farm |
| 26:15 | Construir | Farm |
| 26:21 | queue | Archer |
| 26:21 | queue | Skirmisher |
| 26:21 | queue | Archer |
| 26:28 | Construir | Farm |
| 27:01 | queue | Archer |
| 27:01 | queue | Skirmisher |
| 27:37 | queue | Archer |
| 27:37 | queue | Skirmisher |
Cronología de la partida
| 3:26 | albaevaarina0 · first_building Barracks |
| 9:08 | YakimarashiBR · first_building Barracks |
| 10:22 | YakimarashiBR · age_up feudal |
| 11:09 | YakimarashiBR · first_building Stable |
| 12:03 | albaevaarina0 · age_up feudal |
| 12:40 | YakimarashiBR · wall_segment Palisade Wall x6 |
| 13:43 | YakimarashiBR · wall_segment Palisade Wall x1 |
| 16:46 | YakimarashiBR · wall_segment Palisade Wall x5 |
| 18:25 | YakimarashiBR · wall_segment Palisade Wall x3 |
| 18:30 | YakimarashiBR · wall_segment Palisade Wall x3 |
| 20:22 | YakimarashiBR · wall_segment Palisade Wall x6 |
| 20:40 | albaevaarina0 · first_market_sell 100 wood |
| 20:46 | albaevaarina0 · first_market_buy 100 food |
| 22:01 | YakimarashiBR · first_building Archery Range |
| 22:53 | YakimarashiBR · wall_segment Palisade Wall x5 |
| 24:06 | albaevaarina0 · age_up castle |
| 24:17 | albaevaarina0 · first_building Siege Workshop |
| 24:26 | YakimarashiBR · wall_segment Palisade Wall x1 |
| 24:29 | YakimarashiBR · wall_segment Palisade Wall x1 |
| 24:44 | YakimarashiBR · wall_segment Palisade Wall x4 |
| 28:27 | YakimarashiBR · resign |
[ ANÁLISIS IA · 1 CRÉDITO ]
¿Qué pasó realmente en esta partida?
Wolo.gg analiza cada decisión: build order, eco, micro, errores típicos por bracket. Análisis personalizado por WhatsApp o Discord en 30 segundos.
Guía civ
Celtas
Perfil
Jugador #21632431